 Dungeon Crawl Stone Soup version 0.21-a0 (webtiles) character file.

100 Kriby the Magician (level 4, -8/28 HPs)
             Began as an Octopode Wizard on May 20, 2017.
             Mangled by Crazy Yiuf
             ... wielding a +4 quarterstaff of chaos
              (11 damage)
             ... on level 2 of the Dungeon.
             The game lasted 00:02:11 (3048 turns).

Kriby the Magician (Octopode Wizard)                Turns: 3048, Time: 00:02:12

Health: -8/28      AC:  2    Str:  6    XL:     4   Next: 73%
Magic:  9/9        EV: 13    Int: 21    God:
Gold:   34         SH:  0    Dex: 10    Spells: 9/10 levels left

rFire    . . .     SeeInvis .   n - +3 dagger (freeze)
rCold    . . .     Gourm    .   (no shield)
rNeg     . . .     Faith    .   a - +1 hat
rPois    .         Spirit   .   (no amulet)
rElec    .         Reflect  .   (no ring)
rCorr    .         Harm     .   (no ring)
MR       .....                  (no ring)
Stlth    +++.......             (no ring)
Regen    0.1/turn               (no ring)
MPRegen  0.2/turn               (no ring)
                                (no ring)
                                (no ring)

@: no status effects
A: almost no armour, stealthy swim, amphibious, 8 rings, constrict 8, camouflage
1, gelatinous body 1
a: no special abilities


You were on level 2 of the Dungeon.
You were not hungry.

You visited 1 branch of the dungeon, and saw 2 of its levels.

You collected 34 gold pieces.

Inventory:

Hand Weapons
 h - a +0 whip
 n - a +3 dagger of freezing (weapon)
Armour
 a - a +1 hat (worn)
Wands
 e - a wand of flame (13/48)
Scrolls
 i - 2 scrolls of identify
 j - 2 scrolls of amnesia
Potions
 d - 2 potions of lignification {unknown}
 g - 2 potions of agility {unknown}
 l - a potion of cancellation {unknown}
 q - a potion of curing {unknown}
 r - a potion of invisibility {unknown}
Books
 b - a book of Minor Magic

   Spells                             Type                      Level
   a - Magic Dart                     Conjuration                  1
   b - Blink                          Translocation                2
   c - Call Imp                       Summoning                    2
   d - Slow                           Hexes                        2
   e - Conjure Flame                  Conjuration/Fire             3
   f - Mephitic Cloud                 Conjuration/Poison/Air       3
Comestibles
 c - 2 bread rations
 f - a meat ration
 k - 3 chunks of flesh
 s - a royal jelly


   Skills:
 + Level 1.2 Fighting
 - Level 2.0 Dodging
 - Level 2.6 Stealth
 + Level 3.5 Spellcasting
 * Level 3.4 Conjurations
   Level 1.0 Summonings
   Level 1.0 Translocations


You had 9 spell levels left.
You knew the following spells:

 Your Spells              Type           Power        Failure   Level  Hunger
a - Magic Dart            Conj           ###.         3%          1    None


Dungeon Overview and Level Annotations

Branches:
Dungeon (2/15)

Altars:

Annotations:
D:2 Crazy Yiuf


Innate Abilities, Weirdness & Mutations

You cannot wear most types of armour.
You are very stealthy in the water. (Stealth+)
You are amphibious.
You can wear up to eight rings at the same time.
You can use your tentacles to constrict eight enemies at once.
Your skin changes colour to match your surroundings (Stealth+).
Your rubbery body absorbs attacks. (AC +1, EV +1)


Message History

Found a mace.
Casting: Magic Dart
Confirm with . or Enter, or press ? or * to list all spells.
You don't know that spell.
Memorise Blink, consuming 2 spell levels and leaving 7?
You start memorising the spell.
You continue memorising. x2
Crazy Yiuf hits you with a quarterstaff of chaos.
Your memorisation is interrupted.
You are confused.
You're too confused to cast spells.
You're too confused to cast spells.
You bump into the tree.
Crazy Yiuf hits you with a quarterstaff of chaos!
You bump into the stone wall.
You feel less confused.
Crazy Yiuf cries, "Scoff tortoise pontify!"
Crazy Yiuf hits you with a quarterstaff of chaos!
* * * LOW HITPOINT WARNING * * *
Space warps horribly around you!
You die...

.).............#
#..............
.######...######
############.##
..........# #..#
.........##
##### ##.#
.#####.#.# #)..#
#.# .# #.#.#
#...# #.# .#
##.#.# ... ###.#
.####....# #g#
##....
.........# ♣@♣♣
#######....#
#####...## ♣♣.♣
#.......#..#
##.##### ♣.♣♣
#######...##
#####......#
♣♣.♣ ##.##
....<..#####
♣♣.♣♣ ##.###
#####..# ♣♣...♣
#.>... #..#
♣....♣ #..### ##
#..# #....# #..#
.# #..#
#....#### #..#


You could see Crazy Yiuf.

Vanquished Creatures
  Robin (D:2)
  4 adders (D:2)
  A dart slug (D:2)
  A leopard gecko (D:2)
  6 bats
  A giant cockroach (D:2)
  10 hobgoblins
  7 kobolds
  3 frilled lizards
  10 goblins
  7 rats
51 creatures vanquished.

Vanquished Creatures (others)
  A goblin (D:2)
1 creature vanquished.

Grand Total: 52 creatures vanquished

Notes
Turn   | Place    | Note
-------+----------+-------------------------------------------
     0 | D:1      | Kriby the Octopode Wizard began the quest for the Orb.
     0 | D:1      | Reached XP level 1. HP: 11/11 MP: 4/4
   577 | D:1      | Reached XP level 2. HP: 17/17 MP: 0/6
  1506 | D:2      | Reached XP level 3. HP: 9/21 MP: 4/7
  2008 | D:2      | Found a runed door.
  2072 | D:2      | Reached XP level 4. HP: 27/27 MP: 1/9
  2101 | D:2      | Reached skill level 1 in Fighting
  2446 | D:2      | Noticed Robin
  2467 | D:2      | Killed Robin
  3043 | D:2      | Noticed Crazy Yiuf
  3048 | D:2      | Mangled by Crazy Yiuf

Vault maps used:
D:1:      onia_arrival_mini_maze, minmay_misc_feat_encased
D:2:      first_bread, uniq_robin, uniq_crazy_yiuf_cottage

Skill      XL: |  1  2  3  4 |
---------------+-------------+-----
Conjurations   | 2 3 |  3.4
Fighting       | 1 |  1.2
Dodging        | |  2.0
Stealth        | |  2.6
Spellcasting   | |  3.5
Summonings     | |  1.0
Translocations | |  1.0

Action                   |  1- 3 |  4- 6 || total
-------------------------+-------+-------++-------
Melee: Dagger            |     5 |    26 ||    31
       Unarmed           |     4 |       ||     4
       Constrict         |     2 |     5 ||     7
       Tentacles         |       |     2 ||     2
 Cast: Magic Dart        |    64 |    42 ||   106
  Use: Scroll            |     6 |       ||     6
  Eat: Chunk             |     3 |     3 ||     6
Armor: Skin              |     2 |     3 ||     5
Dodge: Dodged            |    11 |    16 ||    27
